 Dungeon Crawl Stone Soup version 0.23.2-1-ga50397a (webtiles) character file.

Game seed: 14047017405083480280

93 Borgoz the Chopper (level 4, -15/38 HPs)
             Began as a Minotaur Gladiator on May 15, 2019.
             Demolished by a wyvern (17 damage)
             ... on level 4 of the Dungeon.
             The game lasted 00:02:00 (983 turns).

Borgoz the Chopper (Minotaur Gladiator)              Turns: 983, Time: 00:02:00

Health: -15/38     AC:  3    Str: 19    XL:     4   Next: 36%
Magic:  3/3        EV: 13    Int: 10    God:
Gold:   21         SH:  0    Dex: 12    Spells: 3/3 levels left

rFire    . . .     SeeInvis .   a - +0 war axe
rCold    . . .     Gourm    .   (no shield)
rNeg     . . .     Faith    .   b - +0 leather armour
rPois    .         Spirit   .   c - +0 hat
rElec    .         Reflect  .   (no cloak)
rCorr    .         Harm     .   (no gloves)
MR       .....                  (no boots)
Stlth    +.........             (no amulet)
HPRegen  0.12/turn              (no ring)
MPRegen  0.08/turn              (no ring)

@: brilliant
A: retaliatory headbutt, horns 2
a: no special abilities


You were on level 4 of the Dungeon.
You were not hungry.

You visited 1 branch of the dungeon, and saw 3 of its levels.

You collected 21 gold pieces.

Inventory:

Hand Weapons
 a - a +0 war axe (weapon)
 n - a +0 battleaxe
Missiles
 d - 3 throwing nets (quivered)
Armour
 b - a +0 leather armour (worn)
 c - a +0 hat (worn)
Jewellery
 h - an uncursed ring of see invisible {unknown}
Scrolls
 e - 2 scrolls of identify {unknown}
 g - a scroll of teleportation {unknown}
 i - 2 scrolls of fog {unknown}
 m - a scroll of magic mapping {unknown}
Potions
 k - a potion of might {unknown}
Comestibles
 f - a ration


   Skills:
 + Level 3.3 Fighting
 * Level 4.7 Axes
 - Level 2.2 Throwing
 + Level 1.6 Armour
 + Level 3.9 Dodging


You had 3 spell levels left.
You didn't know any spells.
Your spell library was empty.

Dungeon Overview and Level Annotations

Branches:
Dungeon (2/15)

Altars:
Xom


Innate Abilities, Weirdness & Mutations

You reflexively headbutt those who attack you in melee.
You have a pair of horns on your head.


Message History

An adder skeleton comes into view.
A wyvern comes into view.
The wyvern hisses angrily.
The wyvern closely misses you. The wyvern bites you!
You slash the wyvern! You headbutt the wyvern.
The wyvern is heavily wounded.
The wyvern bites you! x2
* * * LOW HITPOINT WARNING * * *
You are too injured to fight recklessly!
You are too injured to fight recklessly!
You are too injured to fight recklessly!
It was a potion of brilliance.
You feel clever all of a sudden.
The adder skeleton bites you but does no damage.
The wyvern bites you.
* * * LOW HITPOINT WARNING * * *
You barely miss the wyvern.
The wyvern is heavily wounded.
You slash the adder skeleton! The wyvern bites you!
You die...

####### ....... ..
....... ..
########....... ...
#.##........... #..
#.##........... #..
##'##...@Z......
##..#####.......l.......
...............##.......
##..#.###......# .......
# #.###......# .......
#####..........# #......
...............# ......
######..<......# ......
###.......#


You could see a wyvern and an adder skeleton.

Vanquished Creatures
  2 orc wizards (D:4)
  An adder (D:2)
  A dart slug (D:1)
  2 orcs (D:4)
  A bat (D:1)
  A giant cockroach (D:1)
  6 goblins
  4 jackals (D:1)
  A frilled lizard (D:1)
  2 kobolds (D:1)
  A rat (D:1)
22 creatures vanquished.

Notes
Turn   | Place    | Note
-------+----------+-------------------------------------------
     0 | D:1      | Borgoz the Minotaur Gladiator began the quest for the Orb.
     0 | D:1      | Reached XP level 1. HP: 18/18 MP: 0/0
    28 | D:1      | Reached XP level 2. HP: 23/25 MP: 1/1
   313 | D:1      | Reached skill level 4 in Axes
   677 | D:2      | Reached XP level 3. HP: 28/30 MP: 2/2
   700 | D:2      | Found a shimmering altar of Xom.
   702 | D:2      | You fall through a shaft for 2 floors!
   715 | D:4      | Reached skill level 1 in Armour
   725 | D:4      | Reached XP level 4. HP: 14/38 MP: 3/3
   978 | D:4      | Noticed a wyvern
   983 | D:4      | Demolished by a wyvern

Skill      XL: |  1  2  3 |
---------------+----------+-----
Axes           | 4 |  4.7
Fighting       | 3 |  3.3
Armour         | 1 |  1.6
Throwing       | |  2.2
Dodging        | |  3.9

Action                   |  1- 3 |  4- 6 || total
-------------------------+-------+-------++-------
Melee: War axe           |    44 |     4 ||    48
       Headbutt          |     2 |     1 ||     3
  Use: Potion            |       |     1 ||     1
Armor: Leather armour    |    13 |     1 ||    14
Dodge: Dodged            |    29 |     2 ||    31
